 Dungeon Crawl Stone Soup version 0.27-a0-604-g29a88b33a7 (webtiles) character file.

Game seed: 7996658393562381581

50199 robertstho the Destroyer (level 14, -5/105 (113) HPs)
             Began as a Pale Draconian Conjurer on Mar 12, 2021.
             Was an Elder of Sif Muna.
             Slain by Snorg (8 damage)
             ... on level 2 of the Orcish Mines.
             The game lasted 01:05:33 (26726 turns).

robertstho the Destroyer (Pale Draconian Conjurer) Turns: 26726, Time: 01:05:34

HP:   -5/105 (113)  AC: 20    Str: 10    XL:     14   Next: 18%
MP:   21/28         EV: 14    Int: 23    God:    Sif Muna [****..]
Gold: 930           SH:  0    Dex: 10    Spells: 17/34 levels left

rFire    . . .     SeeInvis .   b - +7 lajatang of Order {silver, rMut}
rCold    . . .     Faith    .   (shield currently unavailable)
rNeg     . . .     Spirit   .   (armour unavailable)
rPois    .         Reflect  .   (helmet restricted)
rElec    .         Harm     .   o - +2 cloak {Will+}
rCorr    .         Rampage  .   (no gloves)
rMut     +                      n - +0 pair of boots
Will     ++...                  R - amulet of magic regeneration
Stlth    +++.......             Q - +4 ring of protection
HPRegen  0.27/turn              N - +4 ring of protection
MPRegen  0.46/turn

@: lethally poisoned (-5 -> -10), drained
A: breathe steam, unfitting armour, cold-blooded, steam resistance, AC +8
a: Breathe Steam, Renounce Religion, Channel Magic, Forget Spell, Divine
Exegesis


You were on level 2 of the Orcish Mines.
You worshipped Sif Muna.
Sif Muna was greatly pleased with you.
You visited 3 branches of the dungeon, and saw 18 of its levels.

You collected 1420 gold pieces.
You spent 490 gold pieces at shops.

Inventory:

Hand Weapons
 b - the +7 lajatang of Order (weapon) {silver, rMut}
   (You took it off a centaur on level 7 of the Dungeon)

   It protects you from mutation.
 d - the +8 whip "Ocinej" {speed, rN+ Int+3}
   (You found it on level 5 of the Dungeon)

   Attacks with this weapon are significantly faster.
   It affects your intelligence (+3).
   It protects you from negative energy.
 q - a +4 scimitar of flaming
 r - a +1 vampiric trident
 w - a +1 war axe of flaming
Armour
 n - a +0 pair of boots (worn)
 o - a +2 cloak of willpower (worn)
Magical Staves
 K - a staff of conjuration
Jewellery
 e - a ring of fire
 j - an amulet of the acrobat
 F - a ring of ice
 N - a +4 ring of protection (left hand)
 Q - a +4 ring of protection (right hand)
 R - an amulet of magic regeneration (around neck)
Wands
 c - a wand of charming (6)
 G - a wand of polymorph (17)
 H - a wand of iceblast (18)
 M - a wand of digging (11)
 O - a wand of mindburst (16)
Scrolls
 a - 9 scrolls of teleportation
 f - 4 scrolls of blinking {unknown}
 g - a scroll of immolation {unknown}
 i - a scroll of enchant weapon {unknown}
 k - 3 scrolls of enchant armour {unknown}
 l - 2 scrolls of noise {unknown}
 s - 2 scrolls of fear {unknown}
 u - 2 scrolls of fog {unknown}
 x - 4 scrolls of magic mapping
 y - 6 scrolls of amnesia {unknown}
 B - 3 scrolls of random uselessness {unknown}
 I - a scroll of brand weapon
Potions
 h - 3 potions of lignification
 m - 4 potions of flight
 t - 4 potions of curing
 v - 2 potions of brilliance
 z - 3 potions of cancellation
 A - a potion of haste
 C - 2 potions of mutation
 D - 5 potions of heal wounds
 E - 2 potions of ambrosia
Miscellaneous
 p - a tin of tremorstones (2/2)
 L - a condenser vane


   Skills:
 + Level 7.0 Fighting
 + Level 2.4 Short Blades
 + Level 1.1(2.8) Axes
 + Level 4.2(7.1) Maces & Flails
 + Level 8.8(9.2) Staves
 + Level 6.8 Dodging
 + Level 5.5 Stealth
 * Level 10.9 Spellcasting
 * Level 12.3 Conjurations
 + Level 5.5 Hexes
 + Level 2.3 Translocations
 * Level 10.5 Invocations


You had 17 spell levels left.
You knew the following spells:

 Your Spells              Type           Power      Damage    Failure   Level
a - Magic Dart            Conj           100%       1d8       1%          1
b - Searing Ray           Conj           100%       3d7       1%          2
c - Dazzling Flash        Conj/Hex       100%       N/A       1%          3
d - Fulminant Prism       Conj/Hex       26%        3d14      1%          4
e - Iskenderun's Mystic   Conj/Tloc      46%        2d10      2%          4
f - Apportation           Tloc           46%        N/A       1%          1
g - Blink                 Tloc           N/A        N/A       3%          2

Your spell library contained the following spells:

 Spells                   Type           Power      Damage    Failure   Level
 Corona                   Hex            41%        N/A       1%          1
 Shock                    Conj/Air       100%       1d9       1%          1
 Slow                     Hex            37%        N/A       1%          2
 Conjure Flame            Conj/Fire      40%        6-21      1%          3
 Static Discharge         Conj/Air       40%        N/A       1%          3
 Stone Arrow              Conj/Erth      80%        3d12      1%          3
 Ensorcelled Hibernation  Hex/Ice        50%        N/A       2%          2
 Mephitic Cloud           Conj/Pois/Air  31%        N/A       2%          3
 Animate Skeleton         Necr           24%        N/A       5%          1
 Pain                     Necr           48%        1d6       5%          1
 Sandblast                Erth           24%        2d8       5%          1
 Sting                    Tmut/Pois      48%        1d5       5%          1
 Summon Small Mammal      Summ           48%        N/A       5%          1
 Cause Fear               Hex            18%        N/A       5%          4
 Call Imp                 Summ           12%        N/A       8%          2
 Corpse Rot               Necr/Air       N/A        N/A       8%          2
 Passwall                 Tmut/Erth      10%        N/A       8%          2
 Poisonous Vapours        Pois/Air       24%        N/A       8%          2
 Sublimation of Blood     Necr           6%         N/A       8%          2
 Swiftness                Air            12%        N/A       8%          2
 Lightning Bolt           Conj/Air       20%        1d35      12%         5
 Ignite Poison            Fire/Tmut/Pois 12%        N/A       16%         3
 Spider Form              Tmut/Pois      6%         N/A       16%         3
 Vampiric Draining        Necr           6%         2d6       16%         3
 Manifold Assault         Tloc           23%        N/A       21%         4
 Silence                  Hex/Air        12%        N/A       43%         5
 Summon Mana Viper        Hex/Summ       25%        N/A       43%         5
 Yara's Violent Unravell  Hex/Tmut       12%        3d7       43%         5
 Airstrike                Air            6%         N/A       45%         4
 Animate Dead             Necr           6%         N/A       45%         4
 Dispel Undead            Necr           12%        3d9       45%         4
 Olgreb's Toxic Radiance  Pois           12%        N/A       45%         4
 Petrify                  Tmut/Erth      12%        N/A       45%         4
 Conjure Ball Lightning   Conj/Air       20%        3x3d6     54%         6
 Iron Shot                Conj/Erth      20%        9d5       54%         6
 Invisibility             Hex            37%        N/A       63%         6
 Agony                    Necr           12%        N/A       82%         5
 Excruciating Wounds      Necr           6%         N/A       82%         5
 Lee's Rapid Deconstruct  Erth           6%         3d7*      82%         5
 Freezing Cloud           Conj/Ice/Air   15%        6-21      82%         6
 Ozocubu's Refrigeration  Ice            6%         4d6       100%        7
 Discord                  Hex            18%        N/A       100%        8
 Dragon's Call            Summ           6%         N/A       100%        9
 Tornado                  Air            6%         N/A       100%        9


Dungeon Overview and Level Annotations

Branches:
Dungeon (10/15)            Temple (0/1) D:5            Lair (6/6) D:8
 Shoals (0/4) Lair:2       Spider (0/4) Lair:4        Slime (0/5) Lair:5
    Orc (2/2) D:9
    Elf: Orc:2

Altars:
Cheibriados
Dithmenos
Fedhas
Kikubaaqudgha
Makhleb
Nemelex Xobeh
Qazlal
Sif Muna
Vehumet
Xom
The Shining One

Shops:
D:4 =   D:8 :   D:9 !

Portals:
Hell: Lair:6
Abyss: Orc:1

Annotations:
D:3 exclusion: oklob plant
Orc:1 2 transporters, reasonance's ghost, journeyman GrBe
Orc:2 Snorg


Innate Abilities, Weirdness & Mutations

You can breathe blasts of scalding, opaque steam.
Your pale cyan-grey scales are hard. (AC +8)
You cannot fit into any form of body armour.
You are cold-blooded and may be slowed by cold attacks.
You are immune to the effects of steam.


Message History

You conjure a prism of explosive energy!
A fulminant prism comes into view.
Snorg the Insatiable comes into view.
Your fulminant prism crackles loudly.
Unknown command.
The orc sorcerer casts a spell at you.
You suddenly lose the ability to move!
Your fulminant prism crackles loudly.
Your fulminant prism explodes!
The blast of energy engulfs the orc warrior!!
The orc warrior is severely wounded.
You hear a shout! x7
An orc priest comes into view.
The orc warrior hits your fulminant prism with a +1 glaive of venom!!
Your fulminant prism explodes!
The blast of energy engulfs the orc sorcerer!
The orc sorcerer is heavily wounded.
The blast of energy engulfs the orc warrior!
The orc warrior is moderately wounded.
You hear a shout! x4
The orc warrior hits you from afar with a +0 halberd!!
The orc sorcerer gestures at you while chanting.
The bolt of fire hits you!!
An orc wizard comes into view. It is wielding a +1 dagger of speed.
An orc comes into view.
The orc warrior hits you from afar with a +0 halberd!
Snorg goes berserk!
The orc warrior hits you from afar with a +0 halberd!
The orc warrior barely misses you. Snorg bites you but does no damage.
Snorg claws you!!
* * * LOW HITPOINT WARNING * * *
Snorg claws you.
* * * LOW HITPOINT WARNING * * *
The orc warrior hits you from afar with a +1 glaive of venom.
* * * LOW HITPOINT WARNING * * *
You are lethally poisoned!
You can move again.
Unknown command.
* * * LOW HITPOINT WARNING * * *
You feel sick. Snorg barely misses you. Snorg claws you!
You die...

.....................
..#.................
.#...............###
........)).........
.......)...o.......
......[[.......
.....[[.$......
......[.oo.....
...)...@[..o..<
......))To.....
........o....).
...............
...............
...........#...
.#.$........#..
............#.


You could see Snorg (berserk), an orc sorcerer, 2 orc warriors, an orc priest,
an orc wizard and an orc.

Vanquished Creatures
  A dire elephant (Lair:6)
  Josephine (Orc:1)
  8 hydras
  Erica (Lair:2)
  An ogre mage (Orc:2)
  A death yak (Lair:6)
  A two-headed ogre (D:10)
  A sixfirhy (Lair:6)
  A deep troll (Orc:1)
  Pikel (D:8)
  A wizard (Lair:6)
  3 orc knights
  4 oklob plants (Lair:4)
  2 orc sorcerers (Orc:2)
  A manticore (Lair:5)
  3 black mambas
  Joseph (D:8)
  Maggie (D:7)
  A torpor snail (Lair:4)
  A smoke demon (Lair:6)
  9 cane toads
  A gargoyle (D:10)
  2 orange demons (Lair:6)
  4 rime drakes
  Psyche (D:10)
  9 komodo dragons
  2 ice devils (Lair:6)
  A kobold demonologist (D:7)
  A red devil (Lair:6)
  A jumping spider (Lair:4)
  A queen bee (Lair:5)
  6 trolls
  A polar bear (Lair:6)
  Grinder (D:4)
  3 meliai (Lair:5)
  16 blink frogs
  A redback (Lair:4)
  9 wyverns
  4 basilisks
  4 wraiths (Orc:1)
  A vampire (D:9)
  30 yaks
  2 wargs
  A two-headed ogre zombie (D:9)
  17 water moccasins
  4 hell hounds (Lair:6)
  A black bear (D:7)
  13 orc warriors
  2 ice beasts
  3 ogres
  2 sky beasts (D:9)
  A necrophage (D:8)
  11 wolves
  7 phantoms
  10 centaurs
  3 lemures (D:8)
  3 kobold brigands
  A gnoll sergeant (D:7)
  10 bullfrogs
  2 troll zombies (D:9)
  4 scorpions
  33 killer bees
  An electric eel (Lair:1)
  4 wights (D:7)
  A crimson imp (D:4)
  2 bullfrog zombies
  A quasit (D:5)
  2 centaur zombies
  A bullfrog skeleton (D:5)
  3 jellies
  6 hounds
  2 centaur skeletons (D:7)
  13 orc priests
  Jessica (D:3)
  9 iguanas
  Ijyb (D:5)
  Natasha (thrice) (D:3)
  10 orc wizards
  A hell rat (Lair:5)
  2 worker ants
  A killer bee zombie (D:8)
  5 ogre zombies (D:9)
  A hound zombie (D:7)
  2 hound skeletons
  13 gnolls
  A howler monkey skeleton (D:10)
  9 adders
  2 shadow imps (D:5)
  4 white imps
  2 ufetubi
  2 oozes
  2 adder zombies
  2 adder skeletons
  2 worms (D:2)
  4 dart slugs
  6 leopard geckos
  56 orcs
  A ball python (D:1)
  10 giant cockroaches
  6 hobgoblins
  14 jackals
  19 kobolds
  7 bats
  4 frilled lizards
  4 goblins
  2 goblin skeletons (D:9)
  5 goblin zombies (D:9)
  2 hobgoblin skeletons (D:9)
  5 hobgoblin zombies (D:9)
  2 leopard gecko skeletons
  4 orc skeletons (D:9)
  7 orc zombies (D:9)
  4 rats
546 creatures vanquished.

Vanquished Creatures (others)
  6 bushes (D:8)
  227 fulminant prisms
  63 fungi
  100 plants
396 creatures vanquished.

Grand Total: 942 creatures vanquished

Notes
Turn   | Place    | Note
-------+----------+-------------------------------------------
     0 | D:1      | robertstho the Draconian Conjurer began the quest for the
                  | Orb.
     0 | D:1      | Reached XP level 1. HP: 14/14 MP: 3/3
    61 | D:1      | You fall into a shaft and drop 1 floor!
   444 | D:1      | Reached XP level 2. HP: 20/20 MP: 1/5
   609 | D:1      | Learned a level 2 spell: Searing Ray
  1025 | D:2      | Reached XP level 3. HP: 26/26 MP: 0/6
  1085 | D:2      | Learned a level 3 spell: Dazzling Flash
  1414 | D:2      | Found a shimmering blue altar of Sif Muna.
  1546 | D:2      | Became a worshipper of Sif Muna the Loreminder
  1692 | D:2      | Reached skill level 5 in Conjurations
  1692 | D:2      | Reached XP level 4. HP: 22/33 MP: 0/8
  1797 | D:2      | Found a sparkling altar of Nemelex Xobeh.
  2611 | D:3      | Noticed Jessica
  2616 | D:3      | Killed Jessica
  2617 | D:3      | Reached skill level 1 in Invocations
  2617 | D:3      | Reached XP level 5. HP: 38/38 MP: 5/9
  2787 | D:3      | Reached * piety under Sif Muna
  3093 | D:3      | Noticed Natasha
  3113 | D:3      | Killed Natasha
  3314 | D:3      | Noticed Natasha
  3329 | D:3      | Killed Natasha
  3426 | D:3      | Reached XP level 6. HP: 39/45 MP: 5/10
  3614 | D:3      | Found a blossoming altar of Fedhas.
  3629 | D:3      | Noticed an oklob plant
  3764 | D:3      | Noticed Natasha
  3771 | D:3      | Killed Natasha
  4110 | D:4      | Reached ** piety under Sif Muna
  4422 | D:4      | Noticed Grinder
  4424 | D:4      | Paralysed by Grinder for 5 turns
  4438 | D:4      | Killed Grinder
  4439 | D:4      | Reached skill level 6 in Conjurations
  4439 | D:4      | Your scales start taking on a pale cyan-grey colour.
  4439 | D:4      | Reached XP level 7. HP: 38/51 MP: 1/12
  4439 | D:4      | Gained mutation: You are immune to the effects of steam.
                  | [Pale Draconian growth]
  4790 | D:4      | Found a burning altar of Makhleb.
  4790 | D:4      | Found a radiant altar of Vehumet.
  4810 | D:4      | Reached skill level 1 in Fighting
  4810 | D:4      | Reached skill level 1 in Short Blades
  4904 | D:4      | Found Dunamp's Jewellery Shoppe.
  5207 | D:5      | Entered Level 5 of the Dungeon
  5228 | D:5      | Reached skill level 1 in Axes
  5229 | D:5      | Identified the +8 whip "Ocinej" {speed, rN+ Int+3}
  5300 | D:5      | Found a staircase to the Ecumenical Temple.
  5566 | D:5      | Noticed Ijyb
  5573 | D:5      | Killed Ijyb
  5623 | D:5      | Reached skill level 1 in Maces & Flails
  5623 | D:5      | Reached XP level 8. HP: 59/59 MP: 14/14
  5628 | D:5      | Learned a level 4 spell: Fulminant Prism
  5633 | D:5      | Learned a level 4 spell: Iskenderun's Mystic Blast
  5675 | D:5      | Found a faded altar of an unknown god.
  5675 | D:5      | Found a shimmering altar of Xom.
  5685 | D:5      | Found a sparkling altar of Nemelex Xobeh.
  5687 | D:5      | Found an ancient bone altar of Kikubaaqudgha.
  5689 | D:5      | Found a snail-covered altar of Cheibriados.
  6752 | D:7      | Reached *** piety under Sif Muna
  6753 | D:7      | Reached skill level 7 in Conjurations
  6856 | D:7      | Reached XP level 9. HP: 62/67 MP: 2/16
  7051 | D:7      | Reached skill level 5 in Spellcasting
  7065 | D:7      | Noticed a kobold demonologist
  7084 | D:7      | Noticed a smoke demon
  7086 | D:7      | Reached skill level 5 in Invocations
  7293 | D:7      | Identified the Catalogue of Displacement and Creation
  7295 | D:7      | Identified the Tome of the Feathery Escort
  7504 | D:7      | Noticed Maggie
  7518 | D:7      | Killed Maggie
  7519 | D:7      | Reached skill level 1 in Staves
  7672 | D:7      | Reached skill level 5 in Stealth
  7679 | D:7      | Killed a kobold demonologist
  8151 | D:7      | Found a glowing golden altar of the Shining One.
  8557 | D:8      | Found Tifa's Book Emporium.
  8652 | D:8      | Reached **** piety under Sif Muna
  8713 | D:8      | Noticed Pikel
  8731 | D:8      | Killed Pikel
  8732 | D:8      | Reached XP level 10. HP: 61/78 MP: 3/18
  8736 | D:8      | Reached skill level 1 in Hexes
  9258 | D:8      | Reached skill level 8 in Conjurations
  9333 | D:8      | Noticed Joseph
  9362 | D:8      | Killed Joseph
  9548 | D:8      | Found a shadowy altar of Dithmenos.
  9701 | D:8      | Found a staircase to the Lair.
 10308 | D:9      | Reached skill level 5 in Staves
 10357 | D:9      | Reached skill level 5 in Dodging
 10526 | D:9      | Reached ***** piety under Sif Muna
 10607 | D:9      | Reached XP level 11. HP: 48/85 MP: 14/20
 10644 | D:9      | Identified Sif Muna's Handbook of Icy Execration (Sif Muna
                  | gifted it to you on level 9 of the Dungeon)
 10644 | D:9      | Received a gift from Sif Muna
 10645 | D:9      | Reached skill level 5 in Fighting
 10652 | D:9      | Learned a level 1 spell: Apportation
 10655 | D:9      | Learned a level 2 spell: Blink
 10835 | D:9      | Found a staircase to the Orcish Mines.
 11316 | D:9      | Found Besm's Distillery.
 11322 | D:9      | Bought a potion of mutation for 112 gold pieces
 11322 | D:9      | Bought a potion of curing for 42 gold pieces
 11322 | D:9      | Bought a potion of curing for 42 gold pieces
 11322 | D:9      | Bought a potion of curing for 42 gold pieces
 11322 | D:9      | Bought a potion of heal wounds for 70 gold pieces
 11322 | D:9      | Bought a potion of ambrosia for 112 gold pieces
 11322 | D:9      | Bought a potion of heal wounds for 70 gold pieces
 11387 | D:10     | Entered Level 10 of the Dungeon
 11414 | D:10     | Noticed a two-headed ogre
 11422 | D:10     | Killed a two-headed ogre
 12211 | D:10     | Noticed Psyche
 12223 | D:10     | Killed Psyche
 12688 | Lair:1   | Entered Level 1 of the Lair of Beasts
 12809 | Lair:1   | Identified Sif Muna's Collected Works on Aerial Ice (Sif
                  | Muna gifted it to you on level 1 of the Lair of Beasts)
 12809 | Lair:1   | Received a gift from Sif Muna
 13141 | Lair:1   | Found a stormy altar of Qazlal.
 13199 | Lair:1   | Reached skill level 9 in Conjurations
 14640 | Lair:2   | Noticed Erica
 14654 | Lair:2   | Killed Erica
 14823 | Lair:2   | Reached skill level 1 in Translocations
 14991 | Lair:2   | Reached XP level 12. HP: 89/95 MP: 3/22
 15282 | Lair:2   | Found a staircase to the Shoals.
 17088 | Lair:4   | Reached skill level 10 in Conjurations
 17861 | Lair:4   | Noticed a seven-headed hydra
 17870 | Lair:4   | Killed a seven-headed hydra
 17936 | Lair:4   | Noticed a four-headed hydra
 17954 | Lair:4   | Killed a four-headed hydra
 18271 | Lair:4   | Found a hole to the Spider Nest.
 18987 | Lair:4   | Identified Sif Muna's Compendium of the Viperous Rocks (Sif
                  | Muna gifted it to you on level 4 of the Lair of Beasts)
 18987 | Lair:4   | Received a gift from Sif Muna
 20091 | Lair:5   | Reached skill level 11 in Conjurations
 20195 | Lair:5   | Noticed an eight-headed hydra
 20208 | Lair:5   | Killed an eight-headed hydra
 20209 | Lair:5   | Reached XP level 13. HP: 102/102 MP: 11/26
 20506 | Lair:5   | Found a staircase to the Slime Pits.
 21283 | Lair:6   | Entered Level 6 of the Lair of Beasts
 21960 | Lair:6   | Reached skill level 10 in Spellcasting
 22325 | Lair:6   | Reached skill level 10 in Invocations
 22801 | Lair:6   | Identified Sif Muna's Tome of Flight (Sif Muna gifted it to
                  | you on level 6 of the Lair of Beasts)
 22801 | Lair:6   | Received a gift from Sif Muna
 23584 | Lair:6   | Noticed a dire elephant
 23620 | Lair:6   | Killed a dire elephant
 23777 | Lair:6   | Found a burning altar of Makhleb.
 23797 | Lair:6   | Reached skill level 12 in Conjurations
 24304 | Lair:6   | Found a gateway to Hell.
 24563 | Orc:1    | Entered Level 1 of the Orcish Mines
 24584 | Orc:1    | Found a transporter.
 24619 | Orc:1    | Found a transporter.
 24624 | Orc:1    | Noticed reasonance's ghost (journeyman GrBe)
 24737 | Orc:1    | Identified the +4 lajatang "Lycupapp" {distort, *Rage rF+
                  | Str+5}
 24826 | Orc:1    | Noticed Josephine
 24836 | Orc:1    | Killed Josephine
 24837 | Orc:1    | Reached skill level 5 in Hexes
 24837 | Orc:1    | Reached XP level 14. HP: 111/111 MP: 16/28
 24935 | Orc:1    | Found a one-way gate to the infinite horrors of the Abyss.
 25147 | Orc:2    | Entered Level 2 of the Orcish Mines
 26718 | Orc:2    | Noticed Snorg
 26719 | Orc:2    | Paralysed by an orc sorcerer for 7 turns
 26725 | Orc:2    | HP: 3/105 [orc warrior/+1 glaive of venom[an orc warlord]
                  | (6)]
 26726 | Orc:2    | Slain by Snorg

Illustrated notes

Levels and vault maps discovered:
D:1:      minmay_arrival_arboretum_small, layout_rooms
D:2:      minmay_skewed_foursquare, layout_loops_ring, lemuel_blue_sif_altar,
          nemelex_dance_club_becter
D:3:      layout_basic, tgw_fedhas, uniq_jessica, uniq_natasha
D:4:      layout_basic, grunt_temple_overflow_lords_of_destruction,
          hangedman_abyss_or_decor_slice, minmay_shop_enchanted_jewellery,
          minmay_misc_feat_enclosed, uniq_grinder
D:5:      layout_basic, chequers_temple_overflow_minitemple,
          minmay_temple_entry_arrows, uniq_ijyb
D:6:      layout_rooms
D:7:      minmay_the_grid_octo_tiled_squarecenter
          [minmay_the_grid_octo_thin_diamonds, minmay_the_grid_octo_toaster,
          minmay_the_grid_octo_odd_swirl, minmay_the_grid_octo_vomiting_pacman,
          minmay_the_grid_square_5x5_megaprize_checkered,
          minmay_the_grid_square_5x5_checkered_sparse,
          minmay_the_grid_square_5x5_moneybag,
          minmay_the_grid_square_5x5_inner_z, minmay_the_grid_square_5x5_fat_x],
          layout_cave_pools, marbit_many_paths, uniq_maggie
D:8:      layout_loops_cross, grunt_dithmenos_smoke, minmay_lair_entry_grove,
          serial_shops, nicolae_shop_trees, uniq_pikel, uniq_joseph
D:9:      layout_roguey, zombieorc2_lemuel, serial_shops, shop
D:10:     kennysheep_windowed_halls, layout_irregular_city, uniq_psyche
Lair:1:   layout_roguey, basic_altar, beast_lair_carwin_5, serial_bayou_shore_a
Lair:2:   layout_cave_pods, minmay_shoals_entry_centaurs, uniq_erica
Lair:3:   layout_cave_pods
Lair:4:   layout_cave_pods, spider_nest_entry_funnel_web,
          minmay_lair_oklob_chamber
Lair:5:   regret_index_combs_of_tragedy, layout_misc_corridors,
          dpeg_slime_entry_corner, lemuel_fruit_tree
Lair:6:   evil_forest, layout_misc_corridors, hangedman_lair_unloving_vines
Orc:1:    layout_caves, basic_altar, serial_shops, shop,
          gammafunk_ghost_abyssal_escape, uniq_josephine, uniq_gastronok
Orc:2:    grunt_orc_cross, layout_caves, serial_shops, shop,
          guppyfry_orc_lava_fort, uniq_snorg

Skill      XL: |  1  2  3  4  5  6  7  8  9 10 11 12 13 14 |
---------------+-------------------------------------------+-----
Conjurations   | 5 6 7 8 9 11 12 | 12.3
Dodging        | 2 3 4 5 6 |  6.8
Invocations    | 1 2 3 4 5 7 8 9 10 | 10.5
Stealth        | 2 3 4 5 |  5.5
Spellcasting   | 3 4 5 6 7 9 10 | 10.9
Fighting       | 1 2 3 4 5 6 7 |  7.0
Short Blades   | 1 2 |  2.4
Axes           | 1 |  1.1
Maces & Flails | 1 3 4 |  4.2
Staves         | 3 5 8 |  8.8
Hexes          | 1 2 3 5 |  5.5
Translocations | 1 2 |  2.3

Action                   |  1- 3 |  4- 6 |  7- 9 | 10-12 | 13-15 || total
-------------------------+-------+-------+-------+-------+-------++-------
Melee: Dagger            |    47 |    32 |    53 |       |       ||   132
       Tailslap          |     4 |     7 |    21 |    10 |     1 ||    43
       Hand axe          |       |    37 |       |       |       ||    37
       Whip              |       |       |   109 |       |       ||   109
       Lajatang          |       |       |    64 |   247 |    65 ||   376
 Cast: Magic Dart        |    34 |     9 |       |       |       ||    43
       Searing Ray       |     6 |    33 |    20 |    50 |    32 ||   141
       Fulminant Prism   |       |       |     3 |    98 |   126 ||   227
       Iskenderun's Myst |       |       |       |    21 |    36 ||    57
       Dazzling Flash    |       |       |       |     4 |     4 ||     8
       Blink             |       |       |       |       |     2 ||     2
Invok: Channel Magic     |       |       |       |     1 |     5 ||     6
 Abil: Breathe Steam     |       |       |    24 |    66 |    34 ||   124
  Use: Scroll            |     1 |       |     8 |     4 |     2 ||    15
       Potion            |       |       |       |     1 |       ||     1
 Stab: Sleeping          |     2 |     2 |     8 |     4 |       ||    16
       Distracted        |       |       |     2 |       |     2 ||     4
       Invisible         |       |       |       |     1 |       ||     1
Armor: Skin              |    20 |    40 |    74 |   106 |    87 ||   327
Dodge: Dodged            |    41 |   101 |   189 |   358 |   126 ||   815

Table legend: (Time is in decaauts)
 A = Elapsed time spent in this place.
 B = Non-inter-level travel time spent in this place.
 C = Inter-level travel time spent in this place.
 D = Time resting spent in this place.
 E = Time spent auto-exploring this place.
 F = Levels seen in this place.
 G = Mean time per level.
                   A        B        C        D        E       F      G
               +--------+--------+--------+--------+--------+-----+--------+
         Total |  26752 |  26027 |    725 |   6926 |  15417 |  18 | 1486.2 |
       Dungeon |  12733 |  12380 |    353 |   1910 |   8372 |  10 | 1273.3 |
          Lair |  11852 |  11557 |    295 |   3640 |   6554 |   6 | 1975.3 |
  Orcish Mines |   2166 |   2091 |     75 |   1376 |    491 |   2 | 1083.0 |
               +--------+--------+--------+--------+--------+-----+--------+

Top non-repeatable levels by time:
  Lair:6: 3188 daAuts
  Lair:4: 2517 daAuts
   Orc:1: 2045 daAuts
     D:9: 1880 daAuts
  Lair:5: 1775 daAuts
     D:2: 1760 daAuts
     D:8: 1727 daAuts
  Lair:1: 1635 daAuts
     D:7: 1553 daAuts
  Lair:2: 1548 daAuts
     D:3: 1545 daAuts
  Lair:3: 1187 daAuts
     D:4: 1119 daAuts
    D:10: 843 daAuts
     D:6: 822 daAuts
